Saguenéens vs Diables (R1)

Created - June 3, 2017 at 11:32

Goals
1 2 3 T
Saguenéens 1 1 1 3
Diables 3 3 3 9
Shots
1 2 3 T
Saguenéens 6 9 10 25
Diables 13 7 11 31

1st period

1. Diables , Lukas Krajicek 1 (Tyler Cuma 5, Tyler Bozak 2) at 5:10 (PP)
2. Diables , Benn Ferriero 3 (Tyler Bozak 3, Kellan Lain 3) at 7:58
3. Saguenéens , Spencer Machacek 2 (Roman Josi 1, Erik Haula 1) at 15:26
4. Diables , Brandon Prust 6 (Tyler Arnason 4) at 16:57

Penalties :
Juraj Mikus (Chi) for Hooking (Minor) at 4:33, Luke Witkowski (Chi) for Interference (Minor) at 9:43, Rhett Rakhshani (Chi) for Slashing (Minor) at 13:00, Carl Hagelin (Chi) for Interference (Minor) at 19:14

2nd period

5. Diables , Steve Quailer 1 (Pavel Valentenko 3, Brandon Prust 5) at 4:22
6. Diables , Tyler Bozak 2 (Benn Ferriero 3) at 5:55
7. Saguenéens , Tyler Kennedy 4 (Mason Raymond 4) at 12:23
8. Diables , Tyler Cuma 2 (Tyler Bozak 4, Marek Mazanek) at 14:08 (PP)

Penalties :
Petter Granberg (Alm) for High sticking (Minor) at 7:00, Tyler Kennedy (Chi) for Hooking (Minor) at 13:08, Spencer Machacek (Chi) for Delaying the game (Minor) at 18:32

3rd period

9. Saguenéens , Tyler Kennedy 5 (Brian Sutherby 4) at 0:22 (SH)
10. Diables , Brandon Prust 7 (Tyler Arnason 5, Tyler Cuma 6) at 0:30 (PP)
11. Diables , Tomas Kubalik 2 (Craig Smith 6) at 6:44
12. Diables , Craig Smith 2 (Tomas Kubalik 2, Tyler Cuma 7) at 7:14

Penalties :
Tyler Cuma (Alm) for Tripping (Minor) at 3:01, Pavel Valentenko (Alm) for Holding (Minor) at 8:30, Benn Ferriero (Alm) for Tripping (Minor) at 15:01, Carl Hagelin (Chi) for Holding (Minor) at 17:33, Mark Fraser (Alm) for Hooking (Minor) at 17:52

Goalie Stats

Mike Smith (Chi), 19 saves from 24 shots - (0.792), L, 1-2-0, 37:38 minutes
Martin Jones (Chi), 3 saves from 7 shots - (0.429), 22:22 minutes
Marek Mazanek (Alm), 22 saves from 25 shots - (0.880), W, 3-1-0, 60:00 minutes

Players Stats for Saguenéens

Player Name              G  A  P  +/- PIM S  H  SB GA TA FO     MP     PP MP  PK MP  
------------------------------------------------------------------------------------
Brendan Ranford          0  0  0   0  0   0  0  0  0  0  0/0     0:00   0:00   0:00 
Brett Lebda              0  0  0  -2  0   2  1  2  1  1  0/0    26:37   5:28   5:41 
Brian Sutherby           0  1  1   0  0   2  2  2  0  0  19/35  23:41   4:06   5:13 
Brody Sutter             0  0  0   0  0   0  1  0  0  0  1/2     6:52   0:00   0:00 
Carl Hagelin             0  0  0  -1  4   0  1  0  1  0  0/0     8:45   0:19   0:00 
Craig Cunningham         0  0  0   0  0   2  3  0  0  1  0/0     9:37   0:19   1:53 
Dalton Prout             0  0  0   0  0   0  0  1  0  0  0/0    18:58   2:47   4:16 
Erik Haula               0  1  1  -2  0   1  0  0  0  0  6/15   18:18   3:45   3:29 
Jerry D'Amigo            0  0  0   0  0   0  0  0  0  0  0/0     1:04   0:05   0:00 
Juraj Mikus              0  0  0  -1  2   2  2  0  0  0  3/6     8:49   0:00   0:30 
Justin Florek            0  0  0   0  0   0  1  0  0  0  0/0     1:15   0:10   0:00 
Kevin Marshall           0  0  0  -2  0   0  0  3  0  1  0/0    26:52   5:28   5:35 
Luke Witkowski           0  0  0   0  2   0  0  0  0  1  0/0    18:14   2:47   3:12 
Mason Raymond            0  1  1  -1  0   0  1  0  1  1  0/1    20:04   4:06   2:18 
Rhett Rakhshani          0  0  0   0  2   3  1  0  0  0  0/0     7:10   0:00   0:00 
Roman Josi               0  1  1  -1  0   1  0  1  0  0  0/0    14:36   0:00   0:05 
Spencer Machacek         1  0  1  -2  2   3  2  1  2  0  0/0    14:00   3:40   0:00 
Teemu Pulkkinen          0  0  0   0  0   0  0  0  0  0  0/1     2:56   0:19   1:58 
Tim Kennedy              0  0  0  -2  0   1  0  0  0  0  0/0    14:06   3:45   0:00 
Trevor Van Riemsdyk      0  0  0  -1  0   1  0  0  0  0  0/0    15:03   0:00   0:53 
Tyler Kennedy            2  0  2   0  2   5  2  1  0  0  0/0    22:25   4:06   4:21 
Tyler Pitlick            0  0  0  -1  0   2  0  0  0  0  0/0     9:00   0:05   0:00 

Players Stats for Diables

Player Name              G  A  P  +/- PIM S  H  SB GA TA FO     MP     PP MP  PK MP  
------------------------------------------------------------------------------------
Ben Hanowski             0  0  0   0  0   1  0  0  0  0  0/0     7:13   0:09   0:00 
Benn Ferriero            1  1  2   1  2   2  0  0  0  0  0/0    15:27   4:25   0:00 
Brandon Prust            2  1  3   1  0   3  3  0  1  0  1/2    22:03   5:17   2:07 
Craig Smith              1  1  2   1  0   2  1  0  0  0  5/10   10:49   0:00   2:36 
Gabriel Landeskog        0  0  0   1  0   0  2  0  0  1  0/0    10:50   0:09   1:51 
Jamie Oleksiak           0  0  0   0  0   0  2  0  0  0  0/0     3:12   0:00   0:09 
Keith Seabrook           0  0  0   1  0   0  1  1  0  1  0/0    12:33   0:00   1:52 
Kellan Lain              0  1  1   1  0   0  2  2  0  0  0/1    18:03   4:25   2:07 
Kyle Chipchura           0  0  0   0  0   1  1  0  0  0  1/2     7:13   0:00   0:21 
Lukas Krajicek           1  0  1  -1  0   3  2  0  1  1  0/0    26:05   7:04   4:39 
Mark Fraser              0  0  0   3  2   0  0  0  0  0  0/0    19:19   2:46   3:36 
Pavel Valentenko         0  1  1   3  2   0  0  0  0  1  0/0    19:11   2:47   2:37 
Petter Granberg          0  0  0   1  2   0  1  1  0  0  0/0    12:09   0:00   0:00 
Pierre-Cédric Labrie     0  0  0   0  0   0  0  0  1  0  0/0     6:52   0:00   0:00 
Steve Quailer            1  0  1   1  0   1  0  3  0  0  2/2    19:02   5:17   0:00 
Taylor Beck              0  0  0   0  0   0  0  0  0  0  0/0     0:45   0:09   0:00 
Tomas Kubalik            1  1  2   1  0   2  0  0  1  0  0/0     8:11   0:00   0:00 
Tyler Arnason            0  2  2   1  0   5  0  1  1  1  15/33  23:24   5:17   3:25 
Tyler Bozak              1  3  4   1  0   9  2  0  0  0  7/10   20:01   4:25   4:03 
Tyler Cuma               1  3  4  -1  2   2  1  2  0  0  0/0    27:38   7:04   3:37 

3 Stars

1 - Brandon Prust (Alm)
2 - Tyler Bozak (Alm)
3 - Tyler Cuma (Alm)

Power Play

Saguenéens - 0 on 5 Attempt(s) - 0.00%
Diables - 3 on 7 Attempt(s) - 42.86%

Penalty Kill

Saguenéens - 4 on 7 Attempt(s) - 57.14% - Score 1 goal in Penalty Kill
Diables - 5 on 5 Attempt(s) - 100.00% - Score 0 goal in Penalty Kill

Team Stat

Saguenéens - Hits : 17 - Faceoff Wins : 29 - Blocked Shots : 11 - Penalty Minutes : 14
Diables - Hits : 18 - Faceoff Wins : 31 - Blocked Shots : 10 - Penalty Minutes : 10

Official

Referees : Auger Stephane and Kowal Tom
Linesman : Brian Mach and Derek Amell

Game Notes

Martin Jones enters game at 4:22 of 2nd period
Mike Smith enters game at 6:44 of 3rd period

Finance

Level 1 -- Attendance: 1674 (83.70%) -- Ticket Income $58,590
Level 2 -- Attendance: 808 (80.80%) -- Ticket Income $12,120
Total Attendance: 2482 (82.73%)
Total Ticket Income: $70,710
Other Income: $3,536
Total Income: $74,246

Saguenéens

5 vs 5 Forward 
   Center                   Left Wing                Right Wing               Time % Phy DF OF 
 1 Brian Sutherby           Mason Raymond            Tyler Kennedy            40     1   2  2  
 2 Erik Haula               Tim Kennedy              Spencer Machacek         30     1   2  2  
 3 Juraj Mikus              Carl Hagelin             Tyler Pitlick            20     1   2  2  
 4 Brody Sutter             Craig Cunningham         Rhett Rakhshani          10     1   2  2  

5 vs 5 Defense 
   Defense                  Defense                                           Time % Phy DF OF 
 1 Brett Lebda              Kevin Marshall                                    40     1   2  2  
 2 Dalton Prout             Luke Witkowski                                    30     1   2  2  
 3 Roman Josi               Trevor Van Riemsdyk                               20     1   2  2  
 4 Brett Lebda              Kevin Marshall                                    10     1   2  2  

PowerPlay Forward 
   Center                   Left Wing                Right Wing               Time % Phy DF OF 
 1 Brian Sutherby           Mason Raymond            Tyler Kennedy            60     1   2  2  
 2 Erik Haula               Tim Kennedy              Spencer Machacek         40     1   2  2  

PowerPlay Defense
   Defense                  Defense                                           Time % Phy DF OF 
 1 Brett Lebda              Kevin Marshall                                    60     1   2  2  
 2 Dalton Prout             Luke Witkowski                                    40     1   2  2  

Penalty Kill 4 Players Forward 
   Center                   Wing                     Time % Phy DF OF 
 1 Brian Sutherby           Tyler Kennedy            60     1   2  2  
 2 Mason Raymond            Erik Haula               40     1   2  2  

Penalty Kill 4 Players Defense
   Defense                  Defense                  Time % Phy DF OF 
 1 Brett Lebda              Kevin Marshall           60     1   2  2  
 2 Dalton Prout             Luke Witkowski           40     1   2  2  

Penalty Kill - 3 Players Forward 
   Forward                                           Time % Phy DF OF 
 1 Brian Sutherby                                    60     1   2  2  
 2 Tyler Kennedy                                     40     1   2  2  

Penalty Kill - 3 Players Defense
   Defense                  Defense                  Time % Phy DF OF 
 1 Brett Lebda              Kevin Marshall           60     1   2  2  
 2 Dalton Prout             Luke Witkowski           40     1   2  2  

4 vs 4 Forward 
   Center                   Wing                     Time % Phy DF OF 
 1 Brian Sutherby           Tyler Kennedy            60     1   2  2  
 2 Mason Raymond            Erik Haula               40     1   2  2  

4 vs 4 Defense
   Defense                  Defense                  Time % Phy DF OF 
 1 Brett Lebda              Kevin Marshall           60     1   2  2  
 2 Dalton Prout             Luke Witkowski           40     1   2  2  

Last Minutes Offensive
   Center                   Left Wing                Right Wing               Defense                  Defense                  
   Brian Sutherby           Mason Raymond            Tyler Kennedy            Brett Lebda              Kevin Marshall           

Last Minutes Defensive
   Center                   Left Wing                Right Wing               Defense                  Defense                  
   Brian Sutherby           Mason Raymond            Tyler Kennedy            Brett Lebda              Kevin Marshall           

Goaltenders
Starting : Mike Smith               
Backup : Martin Jones             

Extra Forwards
Normal : Justin Florek, Jerry D'Amigo, Teemu Pulkkinen - PP : Justin Florek, Jerry D'Amigo - PK : Teemu Pulkkinen
Extra Defensemen
Normal : Roman Josi, Trevor Van Riemsdyk, Dalton Prout - PP : Roman Josi - PK : Trevor Van Riemsdyk, Dalton Prout
Penalty Shots
Brian Sutherby, Tyler Kennedy, Mason Raymond, Erik Haula, Spencer Machacek

Scratches
Sam Carrick (Healthy), Nick Mattson (Healthy), Garret Sparks (Healthy), Anton Khudobin (Healthy)

Diables

5 vs 5 Forward 
   Center                   Left Wing                Right Wing               Time % Phy DF OF 
 1 Tyler Arnason            Brandon Prust            Steve Quailer            40     0   2  3  
 2 Tyler Bozak              Kellan Lain              Benn Ferriero            30     0   2  3  
 3 Craig Smith              Gabriel Landeskog        Tomas Kubalik            20     0   2  3  
 4 Kyle Chipchura           Pierre-Cédric Labrie     Ben Hanowski             10     0   2  3  

5 vs 5 Defense 
   Defense                  Defense                                           Time % Phy DF OF 
 1 Tyler Cuma               Lukas Krajicek                                    40     1   2  2  
 2 Mark Fraser              Pavel Valentenko                                  30     1   2  2  
 3 Petter Granberg          Keith Seabrook                                    20     1   2  2  
 4 Jamie Oleksiak           Tyler Cuma                                        10     1   2  2  

PowerPlay Forward 
   Center                   Left Wing                Right Wing               Time % Phy DF OF 
 1 Tyler Arnason            Brandon Prust            Steve Quailer            60     1   2  2  
 2 Tyler Bozak              Kellan Lain              Benn Ferriero            40     1   2  2  

PowerPlay Defense
   Defense                  Defense                                           Time % Phy DF OF 
 1 Tyler Cuma               Lukas Krajicek                                    60     1   2  2  
 2 Mark Fraser              Pavel Valentenko                                  40     1   2  2  

Penalty Kill 4 Players Forward 
   Center                   Wing                     Time % Phy DF OF 
 1 Tyler Arnason            Tyler Bozak              60     1   2  2  
 2 Brandon Prust            Kellan Lain              40     1   2  2  

Penalty Kill 4 Players Defense
   Defense                  Defense                  Time % Phy DF OF 
 1 Tyler Cuma               Lukas Krajicek           60     1   2  2  
 2 Mark Fraser              Pavel Valentenko         40     1   2  2  

Penalty Kill - 3 Players Forward 
   Forward                                           Time % Phy DF OF 
 1 Tyler Arnason                                     60     1   2  2  
 2 Tyler Bozak                                       40     1   2  2  

Penalty Kill - 3 Players Defense
   Defense                  Defense                  Time % Phy DF OF 
 1 Tyler Cuma               Lukas Krajicek           60     1   2  2  
 2 Mark Fraser              Pavel Valentenko         40     1   2  2  

4 vs 4 Forward 
   Center                   Wing                     Time % Phy DF OF 
 1 Tyler Arnason            Tyler Bozak              60     1   2  2  
 2 Brandon Prust            Kellan Lain              40     1   2  2  

4 vs 4 Defense
   Defense                  Defense                  Time % Phy DF OF 
 1 Tyler Cuma               Lukas Krajicek           60     1   2  2  
 2 Mark Fraser              Pavel Valentenko         40     1   2  2  

Last Minutes Offensive
   Center                   Left Wing                Right Wing               Defense                  Defense                  
   Tyler Arnason            Brandon Prust            Steve Quailer            Tyler Cuma               Lukas Krajicek           

Last Minutes Defensive
   Center                   Left Wing                Right Wing               Defense                  Defense                  
   Tyler Arnason            Brandon Prust            Steve Quailer            Tyler Cuma               Lukas Krajicek           

Goaltenders
Starting : Marek Mazanek            
Backup : Jean-Francois Berube     

Extra Forwards
Normal : Taylor Beck, Gabriel Landeskog, Craig Smith - PP : Taylor Beck, Gabriel Landeskog - PK : Craig Smith
Extra Defensemen
Normal : Petter Granberg, Keith Seabrook, Jamie Oleksiak - PP : Petter Granberg - PK : Keith Seabrook, Jamie Oleksiak
Penalty Shots
Tyler Arnason, Tyler Bozak, Brandon Prust, Kellan Lain, Gabriel Landeskog

Scratches
Louis Leblanc (Healthy), Vladislav Namestnikov (Healthy), J.T. Brown (Healthy), Matt Lindblad (Healthy), Christian Thomas (Healthy)
Borna Rendulic (Healthy), Adam Clendening (Healthy), Brett Ritchie (Healthy), Blake Coleman (Healthy), Marc-André Bourdon (Healthy)
Eddie Lack (Healthy)

% Time on Ice - Saguenéens

Lines # - Real PCT - Wanted PCT - Time Play
Normal Forward
1 - 36% - 40% - 14:41
2 - 26% - 30% - 10:21
3 - 21% - 20% - 8:20
4 - 17% - 10% - 6:52
Normal Defense
1 - 34% - 40% - 13:44
2 - 28% - 30% - 11:24
3 - 35% - 20% - 14:10
4 - 2% - 10% - 0:56
PP Forward
1 - 55% - 60% - 4:30
2 - 45% - 40% - 3:45
PP Defense
1 - 66% - 60% - 5:28
2 - 34% - 40% - 2:47
PK Forward
1 - 72% - 60% - 7:04
2 - 28% - 40% - 2:47
PK Defense
1 - 56% - 60% - 5:30
2 - 44% - 40% - 4:21
PK3 Forward
1 - 0% - 60%
2 - 0% - 40%
PK3 Defense
1 - 0% - 60%
2 - 0% - 40%
44 Forward
1 - 78% - 60% - 1:18
2 - 22% - 40% - 0:22
44 Defense
1 - 48% - 60% - 0:48
2 - 52% - 40% - 0:52
Last Minute Offensive  - 0:00
Last Minute Defensive  - 0:00
Total
Forward - 60:00
Defense - 60:00

% Time on Ice - Diables

Lines # - Real PCT - Wanted PCT - Time Play
Normal Forward
1 - 35% - 40% - 14:00
2 - 28% - 30% - 11:11
3 - 20% - 20% - 8:11
4 - 17% - 10% - 6:52
Normal Defense
1 - 35% - 40% - 14:09
2 - 32% - 30% - 12:49
3 - 27% - 20% - 10:41
4 - 6% - 10% - 2:35
PP Forward
1 - 55% - 60% - 5:26
2 - 45% - 40% - 4:25
PP Defense
1 - 72% - 60% - 7:04
2 - 28% - 40% - 2:47
PK Forward
1 - 74% - 60% - 6:08
2 - 26% - 40% - 2:07
PK Defense
1 - 56% - 60% - 4:39
2 - 44% - 40% - 3:36
PK3 Forward
1 - 0% - 60%
2 - 0% - 40%
PK3 Defense
1 - 0% - 60%
2 - 0% - 40%
44 Forward
1 - 80% - 60% - 1:20
2 - 20% - 40% - 0:20
44 Defense
1 - 13% - 60% - 0:13
2 - 87% - 40% - 1:27
Last Minute Offensive  - 0:00
Last Minute Defensive  - 0:00
Total
Forward - 60:00
Defense - 60:00

Play by Play

1st period


0:01 of 1st period - Brian Sutherby wins face-off versus Tyler Arnason in neutral zone.
0:28 of 1st period - Wrist shot by Tyler Bozak.
0:28 of 1st period - Stopped by Mike Smith without a rebound.
0:29 of 1st period - Tyler Bozak wins face-off versus Erik Haula in Saguenéens zone.
0:32 of 1st period - Snap shot by Tyler Bozak.
0:32 of 1st period - Stopped by Mike Smith without a rebound.
0:33 of 1st period - Juraj Mikus wins face-off versus Craig Smith in Saguenéens zone.
1:10 of 1st period - Snap shot by Craig Cunningham.
1:10 of 1st period - Stopped by Marek Mazanek without a rebound.
1:11 of 1st period - Tyler Arnason wins face-off versus Erik Haula in Diables zone.
1:16 of 1st period - Wrist shot by Steve Quailer.
1:16 of 1st period - Shot Misses the Net.
1:41 of 1st period - Tyler Bozak is hit by Tyler Kennedy and loses puck.
3:02 of 1st period - Off-side.
3:03 of 1st period - Tyler Bozak wins face-off versus Brian Sutherby in neutral zone.
3:12 of 1st period - Wrist shot by Benn Ferriero.
3:12 of 1st period - Shot Blocked by Dalton Prout.
3:38 of 1st period - Off-side.
3:39 of 1st period - Brian Sutherby wins face-off versus Craig Smith in neutral zone.
4:04 of 1st period - Kevin Marshall is hit by Brandon Prust and loses puck.
4:33 of 1st period - Minor Penalty to Juraj Mikus for Hooking.
4:34 of 1st period - Brian Sutherby wins face-off versus Tyler Arnason in Saguenéens zone.
4:39 of 1st period - Icing by Tyler Arnason.
4:40 of 1st period - Brian Sutherby wins face-off versus Tyler Arnason in Diables zone.
4:49 of 1st period - Snap shot by Tyler Kennedy.
4:49 of 1st period - Shot Misses the Net.
5:08 of 1st period - Slapshot by Tyler Cuma.
5:08 of 1st period - Shot Misses the Net.
5:10 of 1st period - Snap shot by Lukas Krajicek.
5:10 of 1st period - Goal by Lukas Krajicek - Saguenéens : 0 - Diables : 1.
5:11 of 1st period - Steve Quailer wins face-off versus Brian Sutherby in neutral zone.
5:26 of 1st period - Wrist shot by Tyler Kennedy.
5:26 of 1st period - Shot Misses the Net.
5:41 of 1st period - Wrist shot by Tyler Bozak.
5:41 of 1st period - Stopped by Mike Smith with a rebound.
6:23 of 1st period - Snap shot by Craig Cunningham.
6:23 of 1st period - Shot Misses the Net.
6:25 of 1st period - Snap shot by Rhett Rakhshani.
6:25 of 1st period - Shot Misses the Net.
7:00 of 1st period - Wrist shot by Tyler Bozak.
7:00 of 1st period - Stopped by Mike Smith without a rebound.
7:01 of 1st period - Tyler Bozak wins face-off versus Erik Haula in Saguenéens zone.
7:02 of 1st period - Snap shot by Kellan Lain.
7:02 of 1st period - Shot Blocked by Brett Lebda.
7:10 of 1st period - Wrist shot by Spencer Machacek.
7:10 of 1st period - Shot Misses the Net.
7:16 of 1st period - Slapshot by Spencer Machacek.
7:16 of 1st period - Shot Misses the Net.
7:20 of 1st period - Slapshot by Spencer Machacek.
7:20 of 1st period - Shot Blocked by Kellan Lain.
7:22 of 1st period - Wrist shot by Tim Kennedy.
7:22 of 1st period - Shot Misses the Net.
7:24 of 1st period - Backhand shot by Kevin Marshall.
7:24 of 1st period - Shot Blocked by Petter Granberg.
7:36 of 1st period - Wrist shot by Kellan Lain.
7:36 of 1st period - Deflect By Benn Ferriero.
7:36 of 1st period - Stopped by Mike Smith with a rebound.
7:56 of 1st period - Snap shot by Tyler Bozak.
7:56 of 1st period - Shot Misses the Net.
7:58 of 1st period - Slapshot by Benn Ferriero.
7:58 of 1st period - Goal by Benn Ferriero - Saguenéens : 0 - Diables : 2.
7:59 of 1st period - Brian Sutherby wins face-off versus Tyler Arnason in neutral zone.
8:12 of 1st period - Snap shot by Tyler Kennedy.
8:12 of 1st period - Shot Blocked by Steve Quailer.
8:14 of 1st period - Slapshot by Kevin Marshall.
8:14 of 1st period - Shot Blocked by Steve Quailer.
8:26 of 1st period - Kevin Marshall is hit by Jamie Oleksiak and loses puck.
8:33 of 1st period - Wrist shot by Tomas Kubalik.
8:33 of 1st period - Shot Misses the Net.
8:35 of 1st period - Wrist shot by Gabriel Landeskog.
8:35 of 1st period - Shot Blocked by Kevin Marshall.
8:45 of 1st period - Snap shot by Ben Hanowski.
8:45 of 1st period - Shot Misses the Net.
8:58 of 1st period - Mark Fraser is hit by Brody Sutter and loses puck.
9:37 of 1st period - Snap shot by Tyler Bozak.
9:37 of 1st period - Stopped by Mike Smith with a rebound.
9:43 of 1st period - Minor Penalty to Luke Witkowski for Interference.
9:44 of 1st period - Brian Sutherby wins face-off versus Brandon Prust in Saguenéens zone.
9:54 of 1st period - Wrist shot by Brandon Prust.
9:54 of 1st period - Shot Misses the Net.
9:56 of 1st period - Slapshot by Lukas Krajicek.
9:56 of 1st period - Shot Blocked by Brian Sutherby.
11:43 of 1st period - Penalty to Luke Witkowski is over, Luke Witkowski is back on ice.
12:01 of 1st period - Wrist shot by Pierre-Cédric Labrie.
12:01 of 1st period - Deflect By Ben Hanowski.
12:01 of 1st period - Stopped by Mike Smith with a rebound.
12:03 of 1st period - Slapshot by Kyle Chipchura.
12:03 of 1st period - Stopped by Mike Smith without a rebound.
12:04 of 1st period - Craig Smith wins face-off versus Juraj Mikus in Saguenéens zone.
12:18 of 1st period - Gabriel Landeskog is hit by Carl Hagelin and loses puck.
12:39 of 1st period - Snap shot by Tyler Kennedy.
12:39 of 1st period - Stopped by Marek Mazanek with a rebound.
13:00 of 1st period - Minor Penalty to Rhett Rakhshani for Slashing.
13:01 of 1st period - Brian Sutherby wins face-off versus Tyler Arnason in Saguenéens zone.
13:01 of 1st period - Brian Sutherby is hit by Brandon Prust.
13:35 of 1st period - Snap shot by Tyler Bozak.
13:35 of 1st period - Shot Blocked by Kevin Marshall.
13:37 of 1st period - Slapshot by Lukas Krajicek.
13:37 of 1st period - Shot Blocked by Kevin Marshall.
13:39 of 1st period - Slapshot by Lukas Krajicek.
13:39 of 1st period - Stopped by Mike Smith with a rebound.
15:00 of 1st period - Penalty to Rhett Rakhshani is over, Rhett Rakhshani is back on ice.
15:05 of 1st period - Dalton Prout is hit by Lukas Krajicek and loses puck.
15:14 of 1st period - Slapshot by Luke Witkowski.
15:14 of 1st period - Shot Misses the Net.
15:18 of 1st period - Wrist shot by Brian Sutherby.
15:18 of 1st period - Deflect By Rhett Rakhshani.
15:18 of 1st period - Shot Misses the Net.
15:18 of 1st period - Puck is out of play.
15:19 of 1st period - Erik Haula wins face-off versus Craig Smith in Diables zone.
15:20 of 1st period - Snap shot by Spencer Machacek.
15:20 of 1st period - Stopped by Marek Mazanek with a rebound.
15:22 of 1st period - Wrist shot by Erik Haula.
15:22 of 1st period - Shot Misses the Net.
15:24 of 1st period - Slapshot by Roman Josi.
15:24 of 1st period - Stopped by Marek Mazanek with a rebound.
15:26 of 1st period - Snap shot by Spencer Machacek.
15:26 of 1st period - Goal by Spencer Machacek - Saguenéens : 1 - Diables : 2.
15:27 of 1st period - Erik Haula wins face-off versus Tyler Arnason in neutral zone.
15:30 of 1st period - Slapshot by Brett Lebda.
15:30 of 1st period - Stopped by Marek Mazanek without a rebound.
15:31 of 1st period - Erik Haula wins face-off versus Tyler Arnason in Diables zone.
15:56 of 1st period - Brett Lebda is hit by Kellan Lain and loses puck.
16:55 of 1st period - Snap shot by Tyler Arnason.
16:55 of 1st period - Stopped by Mike Smith with a rebound.
16:57 of 1st period - Wrist shot by Brandon Prust.
16:57 of 1st period - Goal by Brandon Prust - Saguenéens : 1 - Diables : 3.
16:58 of 1st period - Tyler Arnason wins face-off versus Brian Sutherby in neutral zone.
17:24 of 1st period - Lukas Krajicek is hit by Spencer Machacek and loses puck.
17:49 of 1st period - Dalton Prout is hit by Petter Granberg and loses puck.
18:08 of 1st period - Pierre-Cédric Labrie is hit by Rhett Rakhshani and loses puck.
18:53 of 1st period - Slapshot by Tim Kennedy.
18:53 of 1st period - Shot Blocked by Steve Quailer.
19:14 of 1st period - Minor Penalty to Carl Hagelin for Interference.
19:15 of 1st period - Tyler Arnason wins face-off versus Brian Sutherby in Saguenéens zone.
Goals for this period are 1 for Saguenéens vs 3 for Diables.
Shots for this period are 6 for Saguenéens vs 13 for Diables.

2nd period


0:01 of 2nd period - Tyler Arnason wins face-off versus Brian Sutherby in neutral zone.
1:14 of 2nd period - Penalty to Carl Hagelin is over, Carl Hagelin is back on ice.
1:20 of 2nd period - Mark Fraser is hit by Juraj Mikus.
1:28 of 2nd period - Gabriel Landeskog is hit by Brett Lebda and loses puck.
2:09 of 2nd period - Icing by Erik Haula.
2:10 of 2nd period - Tyler Bozak wins face-off versus Erik Haula in Saguenéens zone.
2:11 of 2nd period - Slapshot by Tyler Cuma.
2:11 of 2nd period - Stopped by Mike Smith without a rebound.
2:12 of 2nd period - Brian Sutherby wins face-off versus Tyler Bozak in Saguenéens zone.
2:25 of 2nd period - Slapshot by Tyler Kennedy.
2:25 of 2nd period - Shot Misses the Net.
2:27 of 2nd period - Wrist shot by Trevor Van Riemsdyk.
2:27 of 2nd period - Stopped by Marek Mazanek with a rebound.
3:41 of 2nd period - Slapshot by Rhett Rakhshani.
3:41 of 2nd period - Shot Misses the Net.
3:43 of 2nd period - Snap shot by Craig Cunningham.
3:43 of 2nd period - Shot Misses the Net.
3:45 of 2nd period - Slapshot by Luke Witkowski.
3:45 of 2nd period - Shot Misses the Net.
3:58 of 2nd period - Off-side.
3:59 of 2nd period - Tyler Arnason wins face-off versus Erik Haula in neutral zone.
4:01 of 2nd period - Off-side.
4:02 of 2nd period - Tyler Arnason wins face-off versus Erik Haula in neutral zone.
4:18 of 2nd period - Slapshot by Tyler Arnason.
4:18 of 2nd period - Deflect By Brandon Prust.
4:18 of 2nd period - Stopped by Mike Smith with a rebound.
4:20 of 2nd period - Slapshot by Pavel Valentenko.
4:20 of 2nd period - Shot Blocked by Brett Lebda.
4:22 of 2nd period - Snap shot by Steve Quailer.
4:22 of 2nd period - Deflect By Kevin Marshall.
4:22 of 2nd period - Goal by Steve Quailer - Saguenéens : 1 - Diables : 4.
4:22 of 2nd period - Martin Jones enters game.
4:23 of 2nd period - Tyler Arnason wins face-off versus Brian Sutherby in neutral zone.
4:34 of 2nd period - Snap shot by Brian Sutherby.
4:34 of 2nd period - Shot Blocked by Tyler Arnason.
4:36 of 2nd period - Snap shot by Brett Lebda.
4:36 of 2nd period - Stopped by Marek Mazanek with a rebound.
4:38 of 2nd period - Snap shot by Brian Sutherby.
4:38 of 2nd period - Shot Misses the Net.
4:48 of 2nd period - Tyler Bozak is hit by Spencer Machacek and loses puck.
5:27 of 2nd period - Icing by Tyler Cuma.
5:28 of 2nd period - Craig Smith wins face-off versus Juraj Mikus in Diables zone.
5:43 of 2nd period - Wrist shot by Brandon Prust.
5:43 of 2nd period - Shot Misses the Net.
5:55 of 2nd period - Snap shot by Tyler Bozak.
5:55 of 2nd period - Goal by Tyler Bozak - Saguenéens : 1 - Diables : 5.
5:56 of 2nd period - Tyler Arnason wins face-off versus Brian Sutherby in neutral zone.
5:56 of 2nd period - Brandon Prust is hit by Tyler Kennedy and loses puck.
6:31 of 2nd period - Snap shot by Spencer Machacek.
6:31 of 2nd period - Shot Blocked by Kellan Lain.
7:00 of 2nd period - Minor Penalty to Petter Granberg for High sticking.
7:01 of 2nd period - Brian Sutherby wins face-off versus Tyler Arnason in Diables zone.
8:40 of 2nd period - Mason Raymond is hit by Tyler Bozak and loses puck.
9:00 of 2nd period - Penalty to Petter Granberg is over, Petter Granberg is back on ice.
9:45 of 2nd period - Snap shot by Carl Hagelin.
9:45 of 2nd period - Shot Misses the Net.
9:47 of 2nd period - Slapshot by Tyler Pitlick.
9:47 of 2nd period - Deflect By Juraj Mikus.
9:47 of 2nd period - Shot Misses the Net.
9:47 of 2nd period - Puck is out of play.
9:48 of 2nd period - Brody Sutter wins face-off versus Kyle Chipchura in Diables zone.
10:19 of 2nd period - Snap shot by Gabriel Landeskog.
10:19 of 2nd period - Shot Blocked by Roman Josi.
10:57 of 2nd period - Slapshot by Lukas Krajicek.
10:57 of 2nd period - Stopped by Martin Jones with a rebound.
11:15 of 2nd period - Tyler Pitlick is hit by Gabriel Landeskog and loses puck.
11:35 of 2nd period - Off-side.
11:36 of 2nd period - Tyler Arnason wins face-off versus Mason Raymond in neutral zone.
11:45 of 2nd period - Wrist shot by Brian Sutherby.
11:45 of 2nd period - Stopped by Marek Mazanek without a rebound.
11:46 of 2nd period - Brian Sutherby wins face-off versus Tyler Arnason in Diables zone.
12:23 of 2nd period - Slapshot by Tyler Kennedy.
12:23 of 2nd period - Goal by Tyler Kennedy - Saguenéens : 2 - Diables : 5.
12:24 of 2nd period - Tyler Arnason wins face-off versus Erik Haula in neutral zone.
12:37 of 2nd period - Backhand shot by Erik Haula.
12:37 of 2nd period - Stopped by Marek Mazanek with a rebound.
12:49 of 2nd period - Slapshot by Tyler Pitlick.
12:49 of 2nd period - Stopped by Marek Mazanek without a rebound.
12:50 of 2nd period - Juraj Mikus wins face-off versus Kellan Lain in Diables zone.
13:03 of 2nd period - Wrist shot by Tyler Bozak.
13:03 of 2nd period - Stopped by Martin Jones without a rebound.
13:04 of 2nd period - Tyler Arnason wins face-off versus Brian Sutherby in Saguenéens zone.
13:08 of 2nd period - Minor Penalty to Tyler Kennedy for Hooking.
13:09 of 2nd period - Brian Sutherby wins face-off versus Tyler Arnason in Saguenéens zone.
13:35 of 2nd period - Brian Sutherby is hit by Tyler Cuma and loses puck.
14:08 of 2nd period - Slapshot by Tyler Cuma.
14:08 of 2nd period - Goal by Tyler Cuma - Saguenéens : 2 - Diables : 6.
14:09 of 2nd period - Steve Quailer wins face-off versus Erik Haula in neutral zone.
15:00 of 2nd period - Snap shot by Juraj Mikus.
15:00 of 2nd period - Stopped by Marek Mazanek with a rebound.
15:04 of 2nd period - Snap shot by Juraj Mikus.
15:04 of 2nd period - Shot Misses the Net.
15:33 of 2nd period - Snap shot by Rhett Rakhshani.
15:33 of 2nd period - Shot Misses the Net.
15:35 of 2nd period - Snap shot by Craig Cunningham.
15:35 of 2nd period - Stopped by Marek Mazanek without a rebound.
15:36 of 2nd period - Tyler Bozak wins face-off versus Brian Sutherby in Diables zone.
15:42 of 2nd period - Off-side.
15:43 of 2nd period - Tyler Bozak wins face-off versus Brian Sutherby in neutral zone.
16:20 of 2nd period - Wrist shot by Steve Quailer.
16:20 of 2nd period - Shot Misses the Net.
16:30 of 2nd period - Wrist shot by Pierre-Cédric Labrie.
16:30 of 2nd period - Deflect By Ben Hanowski.
16:30 of 2nd period - Shot Misses the Net.
16:30 of 2nd period - Puck is out of play.
16:31 of 2nd period - Kyle Chipchura wins face-off versus Brian Sutherby in Saguenéens zone.
16:37 of 2nd period - Icing by Mason Raymond.
16:38 of 2nd period - Brian Sutherby wins face-off versus Tyler Arnason in Saguenéens zone.
17:17 of 2nd period - Slapshot by Tomas Kubalik.
17:17 of 2nd period - Shot Misses the Net.
17:53 of 2nd period - Snap shot by Tyler Kennedy.
17:53 of 2nd period - Stopped by Marek Mazanek with a rebound.
18:04 of 2nd period - Kyle Chipchura is hit by Mason Raymond and loses puck.
18:32 of 2nd period - Minor Penalty to Spencer Machacek for Delaying the game.
18:33 of 2nd period - Tyler Arnason wins face-off versus Teemu Pulkkinen in Saguenéens zone.
19:05 of 2nd period - Slapshot by Kevin Marshall.
19:05 of 2nd period - Shot Misses the Net.
Goals for this period are 1 for Saguenéens vs 3 for Diables.
Shots for this period are 9 for Saguenéens vs 7 for Diables.

3rd period


0:01 of 3rd period - Brian Sutherby wins face-off versus Tyler Arnason in neutral zone.
0:04 of 3rd period - Slapshot by Brett Lebda.
0:04 of 3rd period - Shot Misses the Net.
0:06 of 3rd period - Snap shot by Tyler Kennedy.
0:06 of 3rd period - Deflect By Brian Sutherby.
0:06 of 3rd period - Shot Misses the Net.
0:06 of 3rd period - Puck is out of play.
0:07 of 3rd period - Brian Sutherby wins face-off versus Tyler Arnason in Diables zone.
0:22 of 3rd period - Wrist shot by Tyler Kennedy.
0:22 of 3rd period - Goal by Tyler Kennedy - Saguenéens : 3 - Diables : 6.
0:23 of 3rd period - Tyler Arnason wins face-off versus Brian Sutherby in neutral zone.
0:30 of 3rd period - Wrist shot by Brandon Prust.
0:30 of 3rd period - Goal by Brandon Prust - Saguenéens : 3 - Diables : 7.
0:31 of 3rd period - Brian Sutherby wins face-off versus Tyler Arnason in neutral zone.
0:42 of 3rd period - Kevin Marshall is hit by Brandon Prust and loses puck.
1:06 of 3rd period - Wrist shot by Tyler Bozak.
1:06 of 3rd period - Shot Blocked by Spencer Machacek.
1:32 of 3rd period - Carl Hagelin is hit by Gabriel Landeskog and loses puck.
1:43 of 3rd period - Tyler Arnason is hit by Craig Cunningham and loses puck.
2:08 of 3rd period - Slapshot by Brian Sutherby.
2:08 of 3rd period - Shot Blocked by Keith Seabrook.
2:42 of 3rd period - Snap shot by Juraj Mikus.
2:42 of 3rd period - Stopped by Marek Mazanek without a rebound.
2:43 of 3rd period - Juraj Mikus wins face-off versus Craig Smith in Diables zone.
2:48 of 3rd period - Slapshot by Tyler Pitlick.
2:48 of 3rd period - Stopped by Marek Mazanek without a rebound.
2:49 of 3rd period - Brian Sutherby wins face-off versus Tyler Arnason in Diables zone.
3:01 of 3rd period - Minor Penalty to Tyler Cuma for Tripping.
3:02 of 3rd period - Tyler Arnason wins face-off versus Brian Sutherby in Diables zone.
3:42 of 3rd period - Snap shot by Tim Kennedy.
3:42 of 3rd period - Stopped by Marek Mazanek without a rebound.
3:43 of 3rd period - Brandon Prust wins face-off versus Brian Sutherby in Diables zone.
4:33 of 3rd period - Tyler Kennedy is hit by Craig Smith and loses puck.
4:50 of 3rd period - Snap shot by Tim Kennedy.
4:50 of 3rd period - Shot Misses the Net.
5:01 of 3rd period - Penalty to Tyler Cuma is over, Tyler Cuma is back on ice.
5:08 of 3rd period - Slapshot by Tyler Cuma.
5:08 of 3rd period - Shot Misses the Net.
5:34 of 3rd period - Brody Sutter is hit by Jamie Oleksiak and loses puck.
6:09 of 3rd period - Roman Josi is hit by Keith Seabrook and loses puck.
6:42 of 3rd period - Snap shot by Tomas Kubalik.
6:42 of 3rd period - Stopped by Martin Jones without a rebound.
6:43 of 3rd period - Craig Smith wins face-off versus Juraj Mikus in Saguenéens zone.
6:44 of 3rd period - Snap shot by Tomas Kubalik.
6:44 of 3rd period - Goal by Tomas Kubalik - Saguenéens : 3 - Diables : 8.
6:44 of 3rd period - Mike Smith enters game.
6:45 of 3rd period - Brian Sutherby wins face-off versus Tyler Arnason in neutral zone.
6:56 of 3rd period - Snap shot by Brandon Prust.
6:56 of 3rd period - Shot Blocked by Brian Sutherby.
7:10 of 3rd period - Slapshot by Tomas Kubalik.
7:10 of 3rd period - Shot Misses the Net.
7:12 of 3rd period - Wrist shot by Craig Smith.
7:12 of 3rd period - Stopped by Mike Smith with a rebound.
7:14 of 3rd period - Snap shot by Craig Smith.
7:14 of 3rd period - Goal by Craig Smith - Saguenéens : 3 - Diables : 9.
7:15 of 3rd period - Brian Sutherby wins face-off versus Tyler Arnason in neutral zone.
7:24 of 3rd period - Snap shot by Brian Sutherby.
7:24 of 3rd period - Stopped by Marek Mazanek with a rebound.
7:26 of 3rd period - Slapshot by Brian Sutherby.
7:26 of 3rd period - Shot Misses the Net.
7:28 of 3rd period - Snap shot by Tyler Kennedy.
7:28 of 3rd period - Stopped by Marek Mazanek without a rebound.
7:29 of 3rd period - Erik Haula wins face-off versus Tyler Arnason in Diables zone.
8:15 of 3rd period - Snap shot by Rhett Rakhshani.
8:15 of 3rd period - Stopped by Marek Mazanek without a rebound.
8:16 of 3rd period - Craig Smith wins face-off versus Brody Sutter in Diables zone.
8:30 of 3rd period - Minor Penalty to Pavel Valentenko for Holding.
8:31 of 3rd period - Tyler Arnason wins face-off versus Brian Sutherby in Diables zone.
9:54 of 3rd period - Spencer Machacek is hit by Lukas Krajicek and loses puck.
10:30 of 3rd period - Penalty to Pavel Valentenko is over, Pavel Valentenko is back on ice.
10:36 of 3rd period - Kyle Chipchura is hit by Justin Florek.
11:18 of 3rd period - Snap shot by Tyler Arnason.
11:18 of 3rd period - Stopped by Mike Smith with a rebound.
11:30 of 3rd period - Luke Witkowski is hit by Kyle Chipchura and loses puck.
11:48 of 3rd period - Craig Smith is hit by Brian Sutherby and loses puck.
12:04 of 3rd period - Tyler Bozak is hit by Craig Cunningham.
12:19 of 3rd period - Mark Fraser is hit by Juraj Mikus.
12:36 of 3rd period - Craig Smith is hit by Brian Sutherby and loses puck.
14:49 of 3rd period - Snap shot by Tyler Arnason.
14:49 of 3rd period - Stopped by Mike Smith with a rebound.
14:51 of 3rd period - Wrist shot by Steve Quailer.
14:51 of 3rd period - Shot Blocked by Tyler Kennedy.
14:53 of 3rd period - Slapshot by Tyler Arnason.
14:53 of 3rd period - Stopped by Mike Smith without a rebound.
14:54 of 3rd period - Erik Haula wins face-off versus Tyler Bozak in Saguenéens zone.
14:54 of 3rd period - Erik Haula is hit by Kellan Lain.
15:01 of 3rd period - Minor Penalty to Benn Ferriero for Tripping.
15:02 of 3rd period - Erik Haula wins face-off versus Craig Smith in Diables zone.
15:04 of 3rd period - Wrist shot by Spencer Machacek.
15:04 of 3rd period - Stopped by Marek Mazanek without a rebound.
15:05 of 3rd period - Craig Smith wins face-off versus Erik Haula in Diables zone.
15:20 of 3rd period - Wrist shot by Tim Kennedy.
15:20 of 3rd period - Shot Blocked by Tyler Cuma.
17:01 of 3rd period - Penalty to Benn Ferriero is over, Benn Ferriero is back on ice.
17:14 of 3rd period - Snap shot by Craig Cunningham.
17:14 of 3rd period - Deflect By Rhett Rakhshani.
17:14 of 3rd period - Stopped by Marek Mazanek with a rebound.
17:16 of 3rd period - Slapshot by Trevor Van Riemsdyk.
17:16 of 3rd period - Shot Blocked by Tyler Cuma.
17:18 of 3rd period - Backhand shot by Roman Josi.
17:18 of 3rd period - Shot Misses the Net.
17:22 of 3rd period - Slapshot by Rhett Rakhshani.
17:22 of 3rd period - Stopped by Marek Mazanek with a rebound.
17:33 of 3rd period - Minor Penalty to Carl Hagelin for Holding.
17:34 of 3rd period - Brian Sutherby wins face-off versus Tyler Bozak in Saguenéens zone.
17:34 of 3rd period - Brian Sutherby is hit by Tyler Bozak.
17:47 of 3rd period - Wrist shot by Tyler Bozak.
17:47 of 3rd period - Stopped by Mike Smith with a rebound.
17:52 of 3rd period - Minor Penalty to Mark Fraser for Hooking.
17:53 of 3rd period - Tyler Bozak wins face-off versus Brian Sutherby in Diables zone.
18:01 of 3rd period - Snap shot by Tyler Bozak.
18:01 of 3rd period - Stopped by Mike Smith with a rebound.
19:33 of 3rd period - Penalty to Carl Hagelin is over, Carl Hagelin is back on ice.
19:34 of 3rd period - Snap shot by Tyler Arnason.
19:34 of 3rd period - Deflect By Kevin Marshall.
19:34 of 3rd period - Stopped by Mike Smith with a rebound.
19:46 of 3rd period - Lukas Krajicek is hit by Craig Cunningham and loses puck.
19:52 of 3rd period - Penalty to Mark Fraser is over, Mark Fraser is back on ice.
19:59 of 3rd period - Wrist shot by Carl Hagelin.
19:59 of 3rd period - Shot Misses the Net.
Goals for this period are 1 for Saguenéens vs 3 for Diables.
Shots for this period are 10 for Saguenéens vs 11 for Diables.